 Dungeon Crawl Stone Soup version 0.12.2-35-g1c9f977 (webtiles) character file.

1539 HoboGoblin the Slasher (level 8, -2/68 HPs)
             Began as a Minotaur Fighter on Sept 14, 2013.
             Was a Believer of Okawaru.
             Killed from afar by an orc (9 damage)
             ... with a wand of cold
             ... on Level 6 of the Dungeon.
             The game lasted 00:16:16 (5316 turns).

HoboGoblin the Slasher (Minotaur Fighter)           Turns: 5316, Time: 00:16:17

HP  -2/68        AC 12     Str 20      XL: 8   Next: 28%
MP   3/5         EV  8     Int  7      God: Okawaru [**....]
Gold 269         SH 24     Dex 11      Spells:  0 memorised,  7 levels left

Res.Fire  : . . .   See Invis. : .   a - +0,+1 falchion
Res.Cold  : . . .   Warding    : .   b - +0 scale mail
Life Prot.: . . .   Conserve   : .   c - +0 shield
Res.Poison: .       Res.Corr.  : .   (helmet restricted)
Res.Elec. : .       Clarity    : .   o - +0 cloak
Sust.Abil.: . .     Spirit.Shd : .   (no gloves)
Res.Mut.  : .       Stasis     : .   y - +0 pair of boots
Res.Rott. : .       Ctrl.Telep.: .   (no amulet)
Saprovore : . . .   Flight     : .   B - ring of protection from magic
                                     h - ring of protection from magic

@: heroism, very resistant to hostile enchantments, unstealthy
A: retaliatory headbutt, horns 2
a: Heroism, Renounce Religion


You were on level 6 of the Dungeon.
You worshipped Okawaru.
Okawaru was most pleased with you.
You were very hungry.

You visited 2 branches of the dungeon, and saw 7 of its levels.

You collected 249 gold pieces.

Inventory:

Hand weapons
 a - a +0,+1 falchion (weapon)
 C - a +2,+4 elven short sword of venom
Armour
 b - a +0 scale mail (worn)
 c - a +0 shield (worn)
 o - a +0 cloak (worn)
 y - a +0 pair of boots (worn)
Magical devices
 e - a wand of slowing (0) {unknown}
 p - a wand of fireball (1)
Comestibles
 d - 4 bread rations
 f - a banana
 i - 3 pears
 k - a choko
 n - a sausage
 q - 2 sultanas
 r - 11 grapes
 v - an apricot
 A - an orange
Scrolls
 g - a scroll of enchant weapon I
 l - 6 scrolls of remove curse
 m - 2 scrolls of identify
 x - a scroll of noise
Jewellery
 h - a ring of protection from magic (left hand)
 z - an uncursed ring of fire
 B - a ring of protection from magic (right hand)
 D - a cursed +3 ring of protection {unknown}
 E - a +1 ring of protection {unknown}
Potions
 j - 5 potions of curing
 s - 2 potions of restore abilities {unknown}
 t - a potion of heal wounds {unknown}
 u - a potion of flight {unknown}
 w - a potion of might {unknown}
 G - a potion of brilliance {unknown}


   Skills:
 + Level 5.9(10.9) Fighting
 * Level 7.4(12.4) Long Blades
 + Level 6.0(11.0) Armour
 + Level 6.1(11.1) Shields
 * Level 2.6 Invocations


You had 7 spell levels left.
You didn't know any spells.

Dungeon Overview and Level Annotations

Branches:
Dungeon (6/27)             Temple (1/1) D:4
    Orc: D:6-11

Altars:
Ashenzari
Cheibriados
Elyvilon
Fedhas
Kikubaaqudgha
Makhleb
Nemelex Xobeh
Okawaru
Sif Muna
Trog
Vehumet
Xom
Yredelemnul
Zin
the Shining One

Annotations
D:4 Pikel


Innate Abilities, Weirdness & Mutations

You reflexively headbutt those who attack you in melee.
You have a pair of horns on your head.


Message History

Items here: )))))) [[ You are too injured to fight recklessly!
You are too injured to fight recklessly!
You are too injured to fight recklessly!
You are too injured to fight recklessly!
You are too injured to fight recklessly!
You are too injured to fight recklessly!
You are too injured to fight recklessly!
You hit the phantom.
The phantom is lightly damaged.
The phantom hits you.
* * * LOW HITPOINT WARNING * * *
The orc hits you but does no damage.
You closely miss the phantom.
The phantom is lightly damaged.
The phantom hits you.
* * * LOW HITPOINT WARNING * * *
The orc zaps a wand.
The bolt of cold hits the phantom.
The phantom resists.
The bolt of cold hits you!
You die...

,,* *,p,,,,,,,* *,* * ,,*
**#'******* *,*********
,,*******####o#### *,,,,,,,,,,
*,,,,,,,,..o.....#######****#####
*****,,,.oo..............,,......
*,,,,,,,,,,#o#**********#####
*,,,,,,,,,,#o# *,,,,,,,,,,#p#
*,,,,,,,,,,#@# *,,,,,,,,,,#.#
**** *,,,,,,,,,,#.# *,,,
***********#.# *,** #.# *,* #.#
*,* #.# *,* #.# *,* #.# *,**


You could see a phantom and 2 orcs.

Vanquished Creatures
  The ghost of HoboGoblin the Slasher, an average TeGl (D:3)
  4 slaves
  An orc warrior (D:6)
  A centaur (D:6)
  A hippogriff skeleton (D:5)
  An ogre (D:4)
  Sigmund (D:3)
  A giant frog (D:6)
  A giant frog skeleton (D:4)
  An ogre skeleton (D:5)
  A hound (D:4)
  Crazy Yiuf (D:3)
  2 iguanas
  2 scorpions
  A hound skeleton (D:5)
  An orc wizard (D:6)
  4 worker ants
  Ijyb (D:2)
  A jelly (D:5)
  2 gnolls (D:5)
  5 adders (D:4)
  2 inept item mimics (D:2)
  2 giant mites
  4 worms
  2 bat skeletons
  A giant eyeball (D:4)
  A giant gecko (D:1)
  2 oozes (D:2)
  14 orcs
  12 bats
  8 hobgoblins
  16 kobolds
  A quokka (D:4)
  4 ball pythons
  6 giant cockroaches
  5 giant newts
  12 goblins
  12 jackals
  A kobold skeleton (D:3)
  11 rats
150 creatures vanquished.

Notes
Turn   | Place    | Note
--------------------------------------------------------------
     0 | D:1      | HoboGoblin, the Minotaur Fighter, began the quest for the Orb.
     0 | D:1      | Reached XP level 1. HP: 19/19 MP: 0/0
    98 | D:2      | Found a shattered altar of Ashenzari.
   120 | D:2      | Noticed Ijyb
   123 | D:2      | Reached XP level 2. HP: 23/26 MP: 0/0
   140 | D:2      | Killed Ijyb
   140 | D:2      | Reached skill level 4 in Shields
   277 | D:2      | Reached XP level 3. HP: 26/33 MP: 1/1
   371 | D:3      | Found a blossoming altar of Fedhas.
   372 | D:3      | Noticed HoboGoblin's ghost (average TeGl)
   530 | D:4      | Reached XP level 4. HP: 37/40 MP: 1/1
   617 | D:4      | Noticed a giant frog skeleton
   623 | D:4      | Killed a giant frog skeleton
   623 | D:4      | Reached XP level 5. HP: 44/46 MP: 1/1
   665 | D:4      | Noticed an ogre
   672 | D:4      | Killed an ogre
   672 | D:4      | Reached skill level 5 in Shields
   691 | D:4      | Reached skill level 5 in Long Blades
   698 | D:4      | Reached XP level 6. HP: 42/53 MP: 2/2
   736 | D:4      | Paralysed by a giant eyeball for 4 turns
   752 | D:4      | Paralysed by a giant eyeball for 4 turns
   759 | D:4      | Found a staircase to the Ecumenical Temple.
   762 | D:4      | Paralysed by a giant eyeball for 3 turns
   768 | D:4      | Paralysed by a giant eyeball for 4 turns
   782 | D:4      | Paralysed by a giant eyeball for 4 turns
   788 | D:4      | Paralysed by a giant eyeball for 3 turns
   795 | D:4      | Paralysed by a giant eyeball for 2 turns
   815 | D:4      | Paralysed by a giant eyeball for 4 turns
   831 | D:4      | Paralysed by a giant eyeball for 3 turns
   855 | Temple   | Entered the Ecumenical Temple
   931 | Temple   | Became a worshipper of Warmaster Okawaru
  1197 | D:3      | Noticed Sigmund
  1231 | D:3      | Killed Sigmund
  1231 | D:3      | Reached skill level 5 in Fighting
  1231 | D:3      | Reached skill level 5 in Armour
  1769 | D:3      | Noticed Crazy Yiuf
  1775 | D:3      | Killed Crazy Yiuf
  1888 | D:3      | Killed HoboGoblin's ghost
  1888 | D:3      | Acquired Okawaru's first power
  1888 | D:3      | Reached skill level 6 in Long Blades
  1888 | D:3      | Reached XP level 7. HP: 37/60 MP: 2/2
  3380 | D:4      | Reached skill level 1 in Invocations
  3485 | D:5      | Entered Level 5 of the Dungeon
  3529 | D:5      | Found a snail-covered altar of Cheibriados.
  3701 | D:5      | Noticed Pikel
  4709 | D:5      | Reached skill level 7 in Long Blades
  4851 | D:6      | Reached XP level 8. HP: 51/68 MP: 4/4
  4858 | D:6      | Got a twisted ring mail
  5017 | D:6      | Identified the cursed -3 ring mail "Smiyb" {Acc+3 Stlth++} (You found it on level 6 of the Dungeon)
  5316 | D:6      | Killed from afar by an orc

Action                   |  1- 3 |  4- 6 |  7- 9 || total
-------------------------+-------+-------+-------++-------
Melee: Falchion          |    77 |   184 |   361 ||   622
Invok: Heroism           |       |       |     2 ||     2
Evoke: Wand              |       |     1 |     4 ||     5
  Use: Scroll            |       |     5 |     5 ||    10
       Potion            |       |     4 |     1 ||     5
